 Dungeon Crawl Stone Soup version 0.31-a0-854-g362426d53f (webtiles) character file.

Game seed: 6890367652501349213

16 Kurtz the Sneak (level 2, 0/28 HPs)
             Began as a Naga Delver on Oct 8, 2023.
             Slain by a black bear (5 damage)
             ... on level 4 of the Dungeon.
             The game lasted 00:00:25 (171 turns).

Kurtz the Sneak (Naga Delver)                        Turns: 171, Time: 00:00:26

Health: 0/28       AC:  2    Str: 14    XL:     2   Next: 58%
Magic:  2/2        EV:  9    Int: 10    God:
Gold:   4          SH:  0    Dex: 12    Spells: 1/1 levels left

rFire   . . .        a - +0 hand axe
rCold   . . .        (no shield)
rNeg    . . .        b - +0 leather armour
rPois   +            (no helmet)
rElec   .            (no cloak)
rCorr   .            (no gloves)
SInv    +            (no barding)
Will    .....        (no amulet)
Stlth   +++          (no ring)
HPRegen 0.24/turn    (no ring)
MPRegen 0.08/turn

%: no passive effects
@: hasted, quick
A: AC +0, large, see invisible, deformed body, poison resistance, slowness 2,
spit poison 1, naga tail 1
a: Spit Poison


You were on level 4 of the Dungeon.
You visited 1 branch of the dungeon, and saw 2 of its levels.

You collected 4 gold pieces.

Inventory:

Hand Weapons
 a - a +0 hand axe (weapon)
Missiles
 h - 3 javelins (quivered)
Armour
 b - a +0 leather armour (worn)
Wands
 g - a wand of digging (3)
Scrolls
 c - a scroll of fog
 d - a scroll of revelation
 e - a scroll of fear


   Skills:
 - Level 3.0 Fighting
 * Level 3.1 Axes
 - Level 1.5 Dodging
 - Level 7.2 Stealth


You had one spell level left.
You didn't know any spells.
Your spell library was empty.

Dungeon Overview and Level Annotations

Branches:
Dungeon (5/15)
 Temple: D:4-7

Altars:


Innate Abilities, Weirdness & Mutations

Your serpentine skin is tough. (AC +0)
You have supernaturally acute eyesight. (SInv)
Armour fits poorly on your strangely shaped body.
Your system is resistant to poisons. (rPois)
You cover ground very slowly.
You can spit poison.
You have a snake-like lower body.


Message History

A jackal comes into view.
Found a scratched granite ring and 11 gold pieces.
There is an open door here.
A jackal comes into view.
The jackal barks!
The black bear growls angrily.
The black bear barely misses you. The black bear claws you. x2
The jackal stops to sniff the ground.
The jackal barely misses you. The jackal bites you.
The jackal bites you but does no damage.
There is an open door here.
The jackal attacks as it pursues you!
The jackal bites you but does no damage.
The jackal closely misses you. The jackal barely misses you.
Aiming: Spit Poison (2% risk of failure)
Press: ? - help, Shift-Dir - straight line, f - black bear
Aim: a black bear (70% to hit)
The splash of poison hits the jackal!
You kill the jackal!
The jackal bites you but does no damage.
Your Axes skill increases to level 3!
Unknown command.
Throw: 4 javelins
Press: ? - help, Q - select action, (/) - cycle Shift-Dir - straight line, f - jackal, p - black bear
Aim: a jackal (45% to hit)
You throw a javelin. The javelin pierces through the jackal!
You kill the jackal!
The javelin closely misses the jackal.
The black bear bites you. The black bear claws you.
The black bear claws you but does no damage.
Unknown command.
You hit the jackal.
You kill the jackal!
You hit the black bear but do no damage.
You have got your breath back.
The black bear bites you! The black bear claws you.
* * * LOW HITPOINT WARNING * * *
The black bear barely misses you. The black bear closely misses you.
The black bear claws you but does no damage. x2
You feel yourself speed up. The black bear bites you.
You die...

#.......#
#.......#
#####......>#####
#...#####'#.....#
.........†#.....#
...(......#.....#
..........+.....#
..........#.....#
........@.#.....+
#######h..#.....#
...###'###......
..........#
...=......#
......(...#
#...####### #...
...


You could see a black bear.

Vanquished Creatures
  An adder (D:4)
  An orc (D:5)
  A hobgoblin (D:4)
  3 jackals (D:4)
6 creatures vanquished.

Notes
Turn   | Place    | Note
-------+----------+-------------------------------------------
     0 | D:5      | Kurtz the Naga Delver began the quest for the Orb.
     0 | D:5      | Reached XP level 1. HP: 21/21 MP: 1/1
    72 | D:4      | Reached XP level 2. HP: 26/28 MP: 2/2
   162 | D:4      | Noticed a black bear
   171 | D:4      | Slain by a black bear

Illustrated notes

Levels and vault maps discovered:
D:4:      layout_gridville
D:5:      layout_basic, temple_pool_b, minmay_misc_feat_four_crosses,
          kennysheep_boxes

Skill      XL: |  1  2 |
---------------+-------+-----
Axes           | 3 |  3.1
Fighting       | |  3.0
Dodging        | |  1.5
Stealth        | |  7.2

Action                     || total
---------------------------++-------
  Melee: Hand axe          ||    14
  Throw: Javelin           ||     1
Ability: Spit Poison       ||     2
    Use: Potion            ||     1
 Armour: Leather armour    ||    23
  Dodge: Dodged            ||    11

Table legend: (Time is in decaauts)
 A = Elapsed time spent in this place.
 B = Non-inter-level travel time spent in this place.
 C = Inter-level travel time spent in this place.
 D = Time resting spent in this place.
 E = Time spent auto-exploring this place.
 F = Levels seen in this place.
 G = Mean time per level.
                   A        B        C        D        E       F      G
               +--------+--------+--------+--------+--------+-----+--------+
         Total |    206 |    191 |     15 |     57 |     59 |   2 |  103.0 |
       Dungeon |    206 |    191 |     15 |     57 |     59 |   2 |  103.0 |
               +--------+--------+--------+--------+--------+-----+--------+

Top non-repeatable levels by time:
     D:4: 121 daAuts
     D:5: 84 daAuts
